| TOP OF THE 1ST |
|
Hamilton Cardinals batting - Pitching for Columbus Reds : RHP Ivan Alday
|
|
Pitching: RHP Ivan Alday
|
|
|
Batting: SHB Kelly Brooks
|
0-0: Hit by Pitch
|
|
Batting: LHB Rafael Banda
|
0-0: Grounds into double play, 4-6-3 (Groundball, 4M, EV 105.0 MPH)
|
|
Batting: SHB J.T. Ready
|
0-0: Ball 1-0: Fly out, F8 (Flyball, 78M, EV 95.6 MPH)
|
| Top of the 1st over - 0 runs, 0 hits, 0 errors, 0 left on base; Hamilton 0 - Columbus 0 |
| BOTTOM OF THE 1ST |
|
Columbus Reds batting - Pitching for Hamilton Cardinals : RHP Morgan Phang
|
|
Pitching: RHP Morgan Phang
|
|
|
Batting: RHB John Hopkins
|
0-0: Ball 1-0: Ball 2-0: Ground out U3 (Groundball, 3S, EV 70.0 MPH)
|
|
Batting: RHB Alex Nagera
|
0-0: Foul Ball, location: 2F 0-1: Fly out, F9 (Flyball, 89M, EV 96.2 MPH)
|
|
Batting: LHB Jamie Spangenberg
|
0-0: Fly out, F9 (Flyball, 9D, EV 85.6 MPH)
|
| Bottom of the 1st over - 0 runs, 0 hits, 0 errors, 0 left on base; Hamilton 0 - Columbus 0 |
| TOP OF THE 2ND |
|
Hamilton Cardinals batting - Pitching for Columbus Reds : RHP Ivan Alday
|
|
Batting: RHB Shou-feng Chang
|
0-0: Fly out, F9 (Flyball, 9S, EV 80.0 MPH)
|
|
Batting: LHB Pete Mitchell
|
0-0: Ball 1-0: Ball 2-0: Ball 3-0: Called Strike 3-1: Swinging Strike 3-2: Foul Ball, location: 2F 3-2: Foul Ball, location: 2F 3-2: Base on Balls
|
|
Batting: SHB Jae-hong Kym
|
0-0: Called Strike Pete Mitchell steals 2nd base 0-1: Ball 1-1: Ball 2-1: Ball 3-1: Base on Balls
|
|
Batting: SHB Brad Meyer
|
0-0: Ball 1-0: Fly out, F8 (Flyball, 8RD, EV 103.8 MPH)
|
|
Batting: SHB Felipe Campanella
|
0-0: Called Strike 0-1: Ball 1-1: Ball 2-1: Ball 3-1: Base on Balls Pete Mitchell to third Jae-hong Kym to second
|
|
Batting: RHB Dan Wages
|
0-0: Swinging Strike 0-1: GRAND SLAM HOME RUN (Flyball, 7D, EV 103.8 MPH), Distance : 397 ft
|
|
Batting: SHB Kelly Brooks
|
0-0: Ball 1-0: SINGLE (Groundball, 56, EV 105.0 MPH)
|
|
Batting: LHB Rafael Banda
|
0-0: Called Strike 0-1: SINGLE (Groundball, 4MD, EV 98.8 MPH) Kelly Brooks to second Runner from 2nd tries for 3rd, SAFE, throw by CF made to third
|
|
Batting: SHB J.T. Ready
|
0-0: Called Strike 0-1: Called Strike 0-2: Ball 1-2: SINGLE (Line Drive, 34D, EV 107.5 MPH) Kelly Brooks scores Rafael Banda to second
|
|
Batting: RHB Shou-feng Chang
|
0-0: Ball 1-0: Called Strike 1-1: Fly out, F4 (Popup, 34D, EV 55.6 MPH)
|
| Top of the 2nd over - 5 runs, 4 hits, 0 errors, 2 left on base; Hamilton 5 - Columbus 0 |
| BOTTOM OF THE 2ND |
|
Columbus Reds batting - Pitching for Hamilton Cardinals : RHP Morgan Phang
|
|
Batting: RHB Ruben Cantu
|
0-0: Called Strike 0-1: Called Strike 0-2: Ground out 5-3 (Groundball, 56, EV 107.5 MPH)
|
|
Batting: LHB Mike Becerra
|
0-0: Ball 1-0: Ball 2-0: Ground out 4-3 (Groundball, 4, EV 87.5 MPH)
|
|
Batting: RHB Emanuel Estrada
|
0-0: Called Strike 0-1: Ball 1-1: Ground out 5-3 (Groundball, 56, EV 83.1 MPH)
|
| Bottom of the 2nd over - 0 runs, 0 hits, 0 errors, 0 left on base; Hamilton 5 - Columbus 0 |
| TOP OF THE 3RD |
|
Hamilton Cardinals batting - Pitching for Columbus Reds : RHP Ivan Alday
|
|
Batting: LHB Pete Mitchell
|
0-0: Ball 1-0: Ball 2-0: Ball 3-0: Base on Balls
|
|
Batting: SHB Jae-hong Kym
|
0-0: Ball 1-0: Called Strike 1-1: Foul Ball, location: 2F 1-2: Foul Ball, location: 2F 1-2: Foul Ball, location: 2F 1-2: Strikes out swinging
|
|
Batting: SHB Brad Meyer
|
0-0: Ball 1-0: Ball 2-0: Ball 3-0: Base on Balls Pete Mitchell to second
|
|
Batting: SHB Felipe Campanella
|
0-0: Called Strike 0-1: Called Strike 0-2: Ball 1-2: Strikes out swinging
|
|
Batting: RHB Dan Wages
|
0-0: SINGLE (Line Drive, 7S, EV 85.0 MPH) Pete Mitchell to third Brad Meyer to second Runner from 3rd tries for Home, throw by LF and OUT! 7-2
|
| Top of the 3rd over - 0 runs, 1 hit, 0 errors, 2 left on base; Hamilton 5 - Columbus 0 |
| BOTTOM OF THE 3RD |
|
Columbus Reds batting - Pitching for Hamilton Cardinals : RHP Morgan Phang
|
|
Batting: RHB Jimmy Geddes
|
0-0: Called Strike 0-1: Foul Ball, location: 2F 0-2: Ball 1-2: SINGLE (Line Drive, 89S, EV 88.8 MPH)
|
|
Batting: RHB Nick Partain
|
0-0: Reached on error, E4 (Groundball, 34D, EV 107.5 MPH) Jimmy Geddes to second
|
|
Batting: RHB Cornholdo Schwerin
|
0-0: Ball 1-0: Called Strike 1-1: Ball 2-1: Fly out, F4 (Popup, 4, EV 58.1 MPH)
|
|
Batting: RHB John Hopkins
|
0-0: Foul Ball, location: 2F 0-1: Ground out 5-3 (Groundball, 56S, EV 65.0 MPH) Jimmy Geddes to third Nick Partain to second
|
|
Batting: RHB Alex Nagera
|
0-0: Ground out 6-3 (Groundball, 6M, EV 100.0 MPH)
|
| Bottom of the 3rd over - 0 runs, 1 hit, 1 error, 2 left on base; Hamilton 5 - Columbus 0 |
| TOP OF THE 4TH |
|
Hamilton Cardinals batting - Pitching for Columbus Reds : RHP Ivan Alday
|
|
Batting: SHB Kelly Brooks
|
0-0: Ball 1-0: Ground out 4-3 (Groundball, 4, EV 83.1 MPH)
|
|
Batting: LHB Rafael Banda
|
0-0: Ball 1-0: Swinging Strike 1-1: Called Strike 1-2: Foul Ball, location: 2F 1-2: Foul Ball, location: 2F 1-2: Foul Ball, location: 2F 1-2: Strikes out swinging
|
|
Batting: SHB J.T. Ready
|
0-0: Fly out, F7 (Flyball, 7S, EV 81.9 MPH)
|
| Top of the 4th over - 0 runs, 0 hits, 0 errors, 0 left on base; Hamilton 5 - Columbus 0 |
| BOTTOM OF THE 4TH |
|
Columbus Reds batting - Pitching for Hamilton Cardinals : RHP Morgan Phang
|
|
Batting: LHB Jamie Spangenberg
|
0-0: Swinging Strike 0-1: Ball 1-1: DOUBLE (Flyball, 89XD, EV 95.0 MPH)
|
|
Batting: RHB Ruben Cantu
|
0-0: Ground out 6-3 (Groundball, 6, EV 101.2 MPH)
|
|
Batting: LHB Mike Becerra
|
0-0: Called Strike 0-1: SINGLE (Line Drive, 78S, EV 96.9 MPH) Jamie Spangenberg to third Runner from 3rd tries for Home, throw by LF and OUT! 7-2
|
|
Batting: RHB Emanuel Estrada
|
0-0: Foul Ball, location: 2F 0-1: Ball 1-1: Fly out, F8 (Flyball, 8LXD, EV 90.0 MPH)
|
| Bottom of the 4th over - 0 runs, 2 hits, 0 errors, 1 left on base; Hamilton 5 - Columbus 0 |
| TOP OF THE 5TH |
|
Hamilton Cardinals batting - Pitching for Columbus Reds : RHP Ivan Alday
|
|
Batting: RHB Shou-feng Chang
|
0-0: Swinging Strike 0-1: Ball 1-1: Ball 2-1: Reached on error, E5 (Groundball, 5, EV 81.9 MPH)
|
|
Batting: LHB Pete Mitchell
|
0-0: Called Strike 0-1: Called Strike 0-2: Ball 1-2: Ball 2-2: Fly out, F8 (Flyball, 8RXD, EV 92.5 MPH) Runner from 2nd tags up, SAFE at 3rd, no throw by CF
|
|
Batting: SHB Jae-hong Kym
|
0-0: Foul Ball, location: 2F 0-1: SINGLE (Line Drive, 4M, EV 103.8 MPH) Shou-feng Chang scores
|
|
Batting: SHB Brad Meyer
|
0-0: Fly out, F9 (Flyball, 89D, EV 83.8 MPH)
|
|
Batting: SHB Felipe Campanella
|
0-0: Called Strike 0-1: Swinging Strike 0-2: Ball 1-2: Foul Ball, location: 2F 1-2: Foul Ball, location: 2F 1-2: Foul Ball, location: 2F 1-2: Strikes out swinging, 2-3 out at first.
|
| Top of the 5th over - 1 run, 1 hit, 1 error, 1 left on base; Hamilton 6 - Columbus 0 |
| BOTTOM OF THE 5TH |
|
Columbus Reds batting - Pitching for Hamilton Cardinals : RHP Morgan Phang
|
|
Batting: RHB Jimmy Geddes
|
0-0: Swinging Strike 0-1: Ball 1-1: Ball 2-1: Swinging Strike 2-2: Foul Ball, location: 2F 2-2: Strikes out looking
|
|
Batting: RHB Nick Partain
|
0-0: Ground out 5-3 (Groundball, 56S, EV 81.2 MPH)
|
|
Batting: RHB Cornholdo Schwerin
|
0-0: Called Strike 0-1: Ball 1-1: Ball 2-1: Called Strike 2-2: Strikes out swinging
|
| Bottom of the 5th over - 0 runs, 0 hits, 0 errors, 0 left on base; Hamilton 6 - Columbus 0 |
| TOP OF THE 6TH |
|
Hamilton Cardinals batting - Pitching for Columbus Reds : RHP Ivan Alday
|
|
Batting: RHB Dan Wages
|
0-0: SINGLE (Line Drive, 6MD, EV 104.4 MPH)
|
|
Batting: SHB Kelly Brooks
|
0-0: Foul Ball, location: 2F 0-1: Swinging Strike 0-2: Foul Ball, location: 2F 0-2: Ball 1-2: Ball 2-2: Ball 3-2: Strikes out swinging
|
|
Batting: LHB Rafael Banda
|
0-0: Ball Dan Wages is caught stealing 2nd base 2-6 1-0: Swinging Strike 1-1: Swinging Strike 1-2: Strikes out looking
|
| Top of the 6th over - 0 runs, 1 hit, 0 errors, 0 left on base; Hamilton 6 - Columbus 0 |
| BOTTOM OF THE 6TH |
|
Columbus Reds batting - Pitching for Hamilton Cardinals : RHP Morgan Phang
|
|
Batting: RHB John Hopkins
|
0-0: Ball 1-0: Ball 2-0: Swinging Strike 2-1: Ball 3-1: Base on Balls
|
|
Batting: RHB Alex Nagera
|
0-0: Ball 1-0: Foul Ball, location: 2F 1-1: Foul Ball, location: 2F 1-2: Fly out, F7 (Flyball, 7LS, EV 74.4 MPH)
|
|
Batting: LHB Jamie Spangenberg
|
0-0: Ball 1-0: Ball 2-0: Ball 3-0: Foul Ball, location: 2F 3-1: Swinging Strike 3-2: Base on Balls John Hopkins to second
|
|
Batting: RHB Ruben Cantu
|
0-0: Fly out, F9 (Flyball, 9, EV 83.8 MPH)
|
|
Batting: LHB Mike Becerra
|
0-0: Foul Ball, location: 2F 0-1: Ball 1-1: Foul Ball, location: 2F 1-2: Strikes out swinging
|
| Bottom of the 6th over - 0 runs, 0 hits, 0 errors, 2 left on base; Hamilton 6 - Columbus 0 |
| TOP OF THE 7TH |
|
Hamilton Cardinals batting - Pitching for Columbus Reds : RHP Ivan Alday
|
|
Pitching: LHP Joe McLaughlin
|
|
|
Batting: SHB J.T. Ready
|
0-0: Ball 1-0: Foul Ball, location: 2F 1-1: Foul Ball, location: 2F 1-2: Ball 2-2: Ball 3-2: Base on Balls
|
|
Batting: RHB Shou-feng Chang
|
0-0: Ball 1-0: Ball 2-0: Ball 3-0: Called Strike 3-1: Called Strike 3-2: Base on Balls J.T. Ready to second
|
|
Batting: LHB Pete Mitchell
|
0-0: Called Strike 0-1: Ball 1-1: Swinging Strike 1-2: Ball 2-2: Foul Ball, location: 2F 2-2: Grounds into double play, 4-6-3 (Groundball, 4, EV 88.1 MPH) J.T. Ready to third
|
|
Batting: SHB Jae-hong Kym
|
0-0: Ball 1-0: 2-RUN HOME RUN (Flyball, 7LD, EV 94.4 MPH), Distance : 343 ft
|
|
Batting: SHB Brad Meyer
|
0-0: SINGLE (Line Drive, 9LS, EV 90.0 MPH)
|
|
Batting: SHB Felipe Campanella
|
0-0: Called Strike 0-1: Foul Ball, location: 2F 0-2: Ball 1-2: Ball 2-2: Strikes out looking
|
| Top of the 7th over - 2 runs, 2 hits, 0 errors, 1 left on base; Hamilton 8 - Columbus 0 |
| BOTTOM OF THE 7TH |
|
Columbus Reds batting - Pitching for Hamilton Cardinals : RHP Morgan Phang
|
|
Pinch Hitting: RHB Alex Ruybalid
|
0-0: Swinging Strike 0-1: Ball 1-1: Called Strike 1-2: Strikes out swinging
|
|
Pinch Hitting: LHB Rodrigo Samano
|
0-0: DOUBLE (Flyball, 89D, EV 109.4 MPH)
|
|
Batting: RHB Nick Partain
|
0-0: Ground out 4-3 (Groundball, 34, EV 101.2 MPH) Rodrigo Samano to third
|
|
Batting: RHB Cornholdo Schwerin
|
0-0: Foul Ball, location: 2F 0-1: 2-RUN HOME RUN (Flyball, 7D, EV 98.1 MPH), Distance : 381 ft
|
|
Batting: RHB John Hopkins
|
0-0: DOUBLE (Line Drive, 9LS, EV 95.6 MPH)
|
|
Batting: RHB Alex Nagera
|
0-0: Fly out, F7 (Flyball, 7LS, EV 91.2 MPH)
|
| Bottom of the 7th over - 2 runs, 3 hits, 0 errors, 1 left on base; Hamilton 8 - Columbus 2 |
| TOP OF THE 8TH |
|
Hamilton Cardinals batting - Pitching for Columbus Reds : LHP Joe McLaughlin
|
|
Pitching: RHP Finlay Clamp
|
|
|
Now at 1B: Rodrigo Samano
|
|
|
Now in LF: Alex Ruybalid
|
|
|
Batting: RHB Dan Wages
|
0-0: Called Strike 0-1: Foul Ball, location: 2F 0-2: Foul Ball, location: 2F 0-2: Ball 1-2: Ball 2-2: Ball 3-2: Foul Ball, location: 2F 3-2: Fly out, F4 (Popup, 4MD, EV 65.6 MPH)
|
|
Batting: SHB Kelly Brooks
|
0-0: Called Strike 0-1: Ball 1-1: Foul Ball, location: 2F 1-2: Ball 2-2: Strikes out looking
|
|
Batting: LHB Rafael Banda
|
0-0: Swinging Strike 0-1: Foul Ball, location: 2F 0-2: Strikes out swinging
|
| Top of the 8th over - 0 runs, 0 hits, 0 errors, 0 left on base; Hamilton 8 - Columbus 2 |
| BOTTOM OF THE 8TH |
|
Columbus Reds batting - Pitching for Hamilton Cardinals : RHP Morgan Phang
|
|
Batting: LHB Jamie Spangenberg
|
0-0: Ball 1-0: Called Strike 1-1: Ball 2-1: Foul Ball, location: 2F 2-2: Fly out, F9 (Flyball, 89D, EV 75.0 MPH)
|
|
Batting: RHB Ruben Cantu
|
0-0: Ball 1-0: Called Strike 1-1: Ball 2-1: Swinging Strike 2-2: Foul Ball, location: 2F 2-2: SINGLE (Groundball, 4MD, EV 104.4 MPH)
|
|
Pinch Hitting: RHB Ed Santibanez
|
0-0: Fielders Choice at 2nd, 6-4 (Groundball, 56D, EV 91.9 MPH)
|
|
Pinch Hitting: LHB Armando Arellano
|
0-0: Called Strike 0-1: Ball 1-1: Ball 2-1: Foul Ball, location: 2F 2-2: Ball 3-2: Foul Ball, location: 2F 3-2: Strikes out looking
|
| Bottom of the 8th over - 0 runs, 1 hit, 0 errors, 1 left on base; Hamilton 8 - Columbus 2 |
| TOP OF THE 9TH |
|
Hamilton Cardinals batting - Pitching for Columbus Reds : RHP Finlay Clamp
|
|
Now in LF: Ed Santibanez
|
|
|
Now in RF: Armando Arellano
|
|
|
Batting: SHB J.T. Ready
|
0-0: Ball 1-0: Ball 2-0: Foul Ball, location: 2F 2-1: Foul Ball, location: 2F 2-2: Strikes out swinging
|
|
Batting: RHB Shou-feng Chang
|
0-0: Foul Ball, location: 2F 0-1: Swinging Strike 0-2: Ground out 6-3 (Groundball, 6, EV 96.2 MPH)
|
|
Batting: LHB Pete Mitchell
|
0-0: Called Strike 0-1: Ball 1-1: Ball 2-1: Swinging Strike 2-2: Strikes out swinging
|
| Top of the 9th over - 0 runs, 0 hits, 0 errors, 0 left on base; Hamilton 8 - Columbus 2 |
| BOTTOM OF THE 9TH |
|
Columbus Reds batting - Pitching for Hamilton Cardinals : RHP Morgan Phang
|
|
Pinch Hitting: RHB Steve Hansen
|
0-0: Foul Ball, location: 2F 0-1: Ball 1-1: Ground out 4-3 (Groundball, 4S, EV 82.5 MPH)
|
|
Pinch Hitting: SHB Sal Esparza
|
0-0: Ball 1-0: Ground out 4-3 (Groundball, 4D, EV 105.6 MPH)
|
|
Batting: RHB Cornholdo Schwerin
|
0-0: Fly out, F7 (Flyball, 78D, EV 91.9 MPH)
|
| Bottom of the 9th over - 0 runs, 0 hits, 0 errors, 0 left on base; Hamilton 8 - Columbus 2 |
|